 Dungeon Crawl Stone Soup version 0.23-a0-489-g205b0b6 (webtiles) character file.

9051 MisterFreud the Grappler (level 11, -8/105 HPs)
             Began as a Troll Hunter on Dec 2, 2018.
             Was an Initiate of Ru.
             Mangled by a hornet (18 damage)
             ... on level 11 of the Dungeon.
             The game lasted 00:15:55 (8721 turns).

MisterFreud the Grappler (Troll Hunter)             Turns: 8721, Time: 00:15:59

Health: -8/105     AC:  6    Str: 25    XL:     11   Next: 18%
Magic:  14/14      EV: 13    Int:  7    God:    Ru [......]
Gold:   490        SH:  0    Dex: 10    Spells: 10/10 levels left

rFire    . . .     SeeInvis +     - Unarmed
rCold    . . .     Gourm    +   (no shield)
rNeg     . . .     Faith    .   b - +0 robe
rPois    +         Spirit   .   (helmet restricted)
rElec    .         Reflect  .   D - +0 cloak
rCorr    .         Harm     .   (gloves unavailable)
MR       .....                  (boots unavailable)
Stlth    +.........             (no amulet)
HPRegen  0.67/turn              w - ring of see invisible
MPRegen  0.14/turn              r - ring of poison resistance

@: about to teleport, slowed, very slow
A: large, unfitting armour, claws 3, fast metabolism 3, gourmand, regeneration
1, shaggy fur 1, tough skin 2
a: Renounce Religion


You were on level 11 of the Dungeon.
You worshipped Ru.
Ru was noncommittal.
You were very full.

You visited 2 branches of the dungeon, and saw 12 of its levels.

You collected 580 gold pieces.
You spent 90 gold pieces at shops.

Inventory:

Missiles
 c - 8 large rocks (quivered)
 d - 4 throwing nets
 h - 295 stones
 n - 9 tomahawks
Armour
 b - a +0 robe (worn)
 D - a +0 cloak (worn)
Jewellery
 m - an uncursed ring of flight
 r - a ring of poison resistance (right claw)
 s - an uncursed ring of protection from cold
 w - a ring of see invisible (left claw)
 F - an uncursed ring of protection from magic {unknown}
Wands
 t - a wand of disintegration (33)
 x - a wand of flame (24)
 y - a wand of iceblast (26)
Scrolls
 a - 3 scrolls of remove curse
 e - 2 scrolls of immolation
 g - 3 scrolls of teleportation
 q - 2 scrolls of magic mapping
 z - 5 scrolls of identify
 B - a scroll of enchant armour {unknown}
 C - a scroll of amnesia
Potions
 i - 2 potions of resistance {unknown}
 j - 8 potions of degeneration {unknown}
 k - 2 potions of agility
 l - 2 potions of heal wounds
 o - a potion of berserk rage {unknown}
 p - a potion of flight {unknown}
 v - a potion of haste {unknown}
 A - a potion of curing
 E - a potion of magic {unknown}
Comestibles
 f - 28 rations


   Skills:
 - Level 6.0 Fighting
 - Level 6.1 Throwing
 + Level 7.4 Dodging
 - Level 0.3 Stealth
 - Level 10.0 Unarmed Combat
 + Level 5.6 Evocations


You had 10 spell levels left.
You didn't know any spells.
Your spell library contained the following spells:

 Spells                   Type           Power        Failure   Level  Hunger
 Beastly Appendage        Tmut           #.....       43%         1    ##.....
 Corona                   Hex            #......      43%         1    ##.....
 Ensorcelled Hibernation  Hex/Ice        #.....       56%         2    ###....
 Sticks to Snakes         Tmut           #.......     56%         2    ###....
 Confuse                  Hex            #.......     80%         3    ####...
 Dazzling Spray           Conj/Hex       #.....       80%         3    ####...
 Spider Form              Tmut/Pois      #.........   80%         3    ####...
 Tukima's Dance           Hex            #.......     80%         3    ####...
 Ice Form                 Ice/Tmut       #.......     99%         4    #####..
 Blade Hands              Tmut           #.........   100%        5    ######.


Dungeon Overview and Level Annotations

Branches:
Dungeon (11/15)            Temple (1/1) D:4            Lair (0/6) D:10
    Orc: D:9-12

Altars:
Ashenzari
Cheibriados
Dithmenos
Elyvilon
Fedhas
Gozag
Hepliaklqana
Kikubaaqudgha
Makhleb
Nemelex Xobeh
Okawaru
Qazlal
Ru
Sif Muna
Trog
Uskayaw
Vehumet
Wu Jian
Xom
Yredelemnul
Zin
The Shining One


Innate Abilities, Weirdness & Mutations

You are too large for most types of armour.
You have claws for hands.
Your metabolism is lightning-fast.
You like to eat raw meat.
Your natural rate of healing is unusually fast.
You are covered in fur. (AC +1)
You have very tough skin. (AC +2)


Message History

You feel much better.
The hornet buzzes angrily.
The wraith hits you. The wraith drains your vigour!
You feel as though you will be slow longer.
The hornet misses you. The wraith barely misses you.
As you read the scroll of teleportation, it crumbles to dust.
You feel strangely unstable. The hornet stings you.
* * * LOW HITPOINT WARNING * * *
The wraith hits you.
* * * LOW HITPOINT WARNING * * *
The wraith drains your vigour!
You feel as though you will be slow longer.
The hornet closely misses you.
You claw the hornet! Your claw misses the hornet.
The hornet is moderately wounded.
The hornet stings you!
* * * LOW HITPOINT WARNING * * *
You feel as though you will be slow longer.
The wraith barely misses you. The hornet stings you!!
You die...

#.# #.# #.#
##.### #..).# #
#####....# ..
#........# o..
#.###.<..#####
@W.. #....y@Wo##
.....
#....###Wo#....>.
#....# ##.)......
#....# ###....>.
#....# ......
###### .#### ..
.. ##.


You could see a hornet, 2 wraiths and 2 orcs.

Vanquished Creatures
  Josephine (D:11)
  Pikel (D:6)
  Maurice (D:8)
  A komodo dragon (D:10)
  Grinder (D:4)
  A hornet (D:10)
  2 hippogriffs (D:10)
  Sigmund (D:4)
  2 wraiths (D:11)
  7 yaks (D:10)
  2 wyverns
  Eustachio (D:6)
  Duvessa (D:6)
  3 orc warriors
  5 sky beasts
  4 slaves
  A necrophage (D:10)
  3 phantoms
  3 ogres
  3 centaurs
  A big kobold (D:10)
  8 bullfrogs
  A gnoll sergeant (D:4)
  A water moccasin zombie (D:2)
  2 scorpions
  Dowan (D:6)
  5 killer bees (D:10)
  A howler monkey (D:4)
  2 crimson imps
  A centaur zombie (D:6)
  4 jellies
  3 centaur skeletons
  6 hounds
  2 bullfrog skeletons
  9 orc priests
  8 orc wizards
  An iron imp (D:3)
  3 iguanas
  11 worker ants
  A killer bee zombie (D:7)
  Robin (D:4)
  5 gnolls (D:4)
  8 adders
  2 shadow imps
  An adder zombie (D:5)
  An adder skeleton (D:4)
  2 worms
  3 dart slugs (D:1)
  2 leopard geckos
  35 orcs
  12 giant cockroaches
  9 goblins
  12 hobgoblins
  17 jackals
  8 kobolds
  2 quokkas (D:6)
  A ball python (D:1)
  4 bats
  2 frilled lizards (D:2)
  2 jackal skeletons
  A jackal zombie (D:7)
  5 rats
250 creatures vanquished.

Vanquished Creatures (others)
  An orc (D:3)
1 creature vanquished.

Grand Total: 251 creatures vanquished

Notes
Turn   | Place    | Note
-------+----------+-------------------------------------------
     0 | D:1      | MisterFreud the Troll Hunter began the quest for the Orb.
     0 | D:1      | Reached XP level 1. HP: 19/19 MP: 0/0
    40 | D:1      | Reached skill level 1 in Unarmed Combat
    80 | D:1      | Reached XP level 2. HP: 27/27 MP: 1/1
   106 | D:1      | Reached skill level 2 in Unarmed Combat
   341 | D:1      | Reached XP level 3. HP: 31/33 MP: 2/2
   671 | D:2      | Found a white marble altar of Elyvilon.
   675 | D:2      | Reached skill level 3 in Unarmed Combat
   751 | D:2      | Reached skill level 4 in Unarmed Combat
   751 | D:2      | Reached XP level 4. HP: 27/41 MP: 3/3
   908 | D:2      | Found a shadowy altar of Dithmenos.
  1611 | D:3      | Found a radiant altar of Vehumet.
  1833 | D:3      | Found a burning altar of Makhleb.
  1840 | D:3      | Reached XP level 5. HP: 48/48 MP: 4/4
  1937 | D:4      | Reached skill level 5 in Unarmed Combat
  2003 | D:4      | Noticed Robin
  2024 | D:4      | Killed Robin
  2056 | D:4      | Noticed Sigmund
  2065 | D:4      | Killed Sigmund
  2065 | D:4      | Reached skill level 6 in Unarmed Combat
  2065 | D:4      | Reached XP level 6. HP: 55/55 MP: 5/5
  2283 | D:4      | Reached skill level 7 in Unarmed Combat
  2293 | D:4      | Noticed Grinder
  2297 | D:4      | Paralysed by Grinder for 3 turns
  2303 | D:4      | Killed Grinder
  2303 | D:4      | Reached skill level 8 in Unarmed Combat
  2303 | D:4      | Reached XP level 7. HP: 15/62 MP: 6/6
  2448 | D:4      | Found a staircase to the Ecumenical Temple.
  2454 | Temple   | Entered the Ecumenical Temple
  2984 | D:4      | Found a basalt altar of Yredelemnul.
  3030 | D:4      | Found an ancient bone altar of Kikubaaqudgha.
  3030 | D:4      | Found a hide-covered altar of Uskayaw.
  3499 | D:5      | Entered Level 5 of the Dungeon
  4284 | D:6      | Reached XP level 8. HP: 66/70 MP: 7/7
  4367 | D:6      | Reached skill level 5 in Throwing
  4462 | D:6      | Noticed Pikel
  4499 | D:6      | Killed Pikel
  4557 | D:6      | Reached skill level 5 in Dodging
  4580 | D:6      | Noticed Dowan
  4581 | D:6      | Noticed Duvessa
  4794 | D:6      | Reached XP level 9. HP: 76/76 MP: 8/8
  4922 | D:6      | Killed Dowan
  4938 | D:6      | Killed Duvessa
  5084 | D:6      | Noticed Eustachio
  5096 | D:6      | Reached skill level 1 in Evocations
  5101 | D:6      | Killed Eustachio
  5505 | D:7      | Found a stormy altar of Qazlal.
  5813 | D:7      | Found Zin's Purification Station.
  5818 | D:7      | Found a glowing silver altar of Zin.
  5821 | D:7      | Bought a potion of curing for 90 gold pieces
  6138 | D:7      | Reached skill level 9 in Unarmed Combat
  6455 | D:8      | Noticed Maurice
  6461 | D:8      | Reached XP level 10. HP: 80/92 MP: 11/11
  6475 | D:8      | Killed Maurice
  6673 | D:8      | Found a shimmering altar of Xom.
  6675 | D:8      | Found a white marble altar of Elyvilon.
  7469 | D:9      | Found a sacrificial altar of Ru.
  7477 | D:9      | Became a worshipper of Ru the Awakened
  7606 | D:10     | Entered Level 10 of the Dungeon
  7654 | D:10     | Reached skill level 5 in Fighting
  7790 | D:10     | Found a staircase to the Lair.
  7799 | D:10     | Reached skill level 10 in Unarmed Combat
  8175 | D:10     | Paralysed by a hornet for 1 turns
  8309 | D:10     | Found a flagged portal.
  8330 | D:10     | Reached skill level 5 in Evocations
  8604 | D:10     | Reached XP level 11. HP: 104/104 MP: 13/13
  8698 | D:11     | Noticed Josephine
  8716 | D:11     | Killed Josephine
  8721 | D:11     | Mangled by a hornet

Vault maps used:
D:1:      psy_arrival_dodecagon, st_stairs_8
D:2:      nicolae_overflow_hidden_temple, first_ration, elyvilon_altar_5
D:3:      makhleb_grotto_becter, fiery_altar_vehumet, dk_vineyard_3
D:4:      lemuel_crystal_altar, gammafunk_temple_overflow_wave, temple_statues,
          serial_co_window_serial, co_window_corner_a, co_window_corner_a,
          co_window_of_opportunity_a, co_window_corner_a, co_window_corner_a,
          co_window_broadway_c, co_window_unsneaky_path_a,
          co_window_unsneaky_path_d, co_window_corner_ca, co_window_4corner_b,
          glass_columns_c, glass_columns_c, uniq_robin, uniq_grinder,
          uniq_sigmund
D:5:      serial_glass, glass_columns_a, glass_columns_c, glass_columns_b,
          glass_columns_a, glass_columns_a, glass_columns_b
D:6:      uniq_duvessa, uniq_eustachio, uniq_pikel
D:7:      zin_purify, serial_glass, glass_columns_c, glass_columns_b,
          nicolae_qazlal_general_emergency
D:8:      grunt_temple_overflow_open, uniq_maurice
D:9:      nicolae_ru_path_of_blood
D:10:     dpeg_oklobed_lair, enter_bailey_6, blue_anna_alchemist
D:11:     erik_orc_2, uniq_josephine
Temple:   minmay_temple_forest_path

Skill      XL: |  1  2  3  4  5  6  7  8  9 10 11 |
---------------+----------------------------------+-----
Unarmed Combat | 1 2 4 6 8 9 10 | 10.0
Dodging        | 3 5 6 7 |  7.4
Throwing       | 4 6 |  6.1
Fighting       | 4 6 |  6.0
Evocations     | 3 5 |  5.6
Stealth        | |  0.3

Action                   |  1- 3 |  4- 6 |  7- 9 | 10-12 || total
-------------------------+-------+-------+-------+-------++-------
Melee: Unarmed           |    98 |   106 |   348 |   228 ||   780
       Punch             |       |     4 |     8 |    12 ||    24
Throw: Large rock        |       |       |     3 |     2 ||     5
       Throwing net      |       |       |       |     1 ||     1
Evoke: Wand              |       |       |       |     3 ||     3
  Use: Scroll            |       |       |     9 |     3 ||    12
       Potion            |       |       |       |     1 ||     1
 Stab: Sleeping          |     1 |       |     1 |       ||     2
       Held in net/web   |       |       |       |     2 ||     2
  Eat: Chunk             |    12 |    14 |    39 |    20 ||    85
Armor: Robe              |    43 |    39 |    65 |    33 ||   180
Dodge: Dodged            |    36 |    48 |   176 |    95 ||   355

Table legend:
 A = Non-vault XP
 B = Vault XP
 C = Vault XP percentage of total XP
 D = Non-vault monster count
 E = Vault monster count
 F = Vault count percentage of total count
                 A         B        C        D         E       F
            +---------+---------+-------+---------+---------+-------
      Total |    9334 |    3596 |  27.8 |     225 |      21 |   8.5
            +---------+---------+-------+---------+---------+-------
        D:1 |      50 |       2 |   3.8 |      24 |       1 |   4.0
        D:2 |     115 |       0 |   0.0 |      21 |       0 |   0.0
        D:3 |      24 |      39 |  61.9 |      13 |       1 |   7.1
        D:4 |     354 |     534 |  60.1 |      12 |      10 |  45.5
        D:5 |     266 |       0 |   0.0 |       9 |       0 |   0.0
        D:6 |    1479 |     965 |  39.5 |      34 |       4 |  10.5
        D:7 |     738 |       0 |   0.0 |      20 |       0 |   0.0
        D:8 |    1461 |     462 |  24.0 |      34 |       1 |   2.9
        D:9 |     431 |       0 |   0.0 |      15 |       0 |   0.0
       D:10 |    4410 |      97 |   2.2 |      41 |       1 |   2.4
       D:11 |       6 |    1497 |  99.6 |       2 |       3 |  60.0
            +---------+---------+-------+---------+---------+-------
